 Dungeon Crawl Stone Soup version 0.28-a0-724-g66f9036eb4 (webtiles) character file.

Game seed: 13061660014291846984

54 lawman0 the Grasshopper (level 3, -3/28 HPs)
             Began as a Barachi Warper on Oct 26, 2021.
             Slain by Sigmund (8 damage)
             ... on level 3 of the Dungeon.
             The game lasted 00:03:10 (2585 turns).

lawman0 the Grasshopper (Barachi Warper)            Turns: 2585, Time: 00:03:11

Health: -3/28      AC:  3    Str: 12    XL:     3   Next: 91%
Magic:  5/6        EV: 11    Int: 14    God:
Gold:   75         SH:  3    Dex: 11    Spells: 1/6 levels left

rFire   . . .      SeeInvis .   a - +0 falchion
rCold   . . .      Faith    .   f - +0 buckler
rNeg    . . .      Spirit   .   b - +0 leather armour
rPois   .          Reflect  .   (no helmet)
rElec   .          Harm     .   (no cloak)
rCorr   .          Rampage  .   (no gloves)
Will    .....                   (no boots)
Stlth   +.........              (no amulet)
HPRegen 0.09/turn               (no ring)
MPRegen 0.10/turn               (no ring)

@: slow
A: amphibious, slowness 1, strong legs 1, +LOS
a: Hop


You were on level 3 of the Dungeon.
You visited 1 branch of the dungeon, and saw 3 of its levels.

You collected 75 gold pieces.

Inventory:

Hand Weapons
 a - a +0 falchion (weapon)
Missiles
 d - 5 boomerangs of dispersal
 e - 2 poisoned darts (quivered)
Armour
 b - a +0 leather armour (worn)
 f - a +0 buckler (worn)
Scrolls
 c - a scroll of blinking
 h - a scroll of vulnerability
 j - a scroll of identify
Potions
 g - a potion of lignification {unknown}
 i - a potion of curing {unknown}


   Skills:
 + Level 2.4 Fighting
 * Level 3.4 Long Blades
 + Level 1.1 Throwing
 + Level 1.6 Armour
 + Level 2.4 Dodging
 + Level 0.1 Stealth
 + Level 2.2 Spellcasting
 * Level 4.1 Translocations


You had one spell level left.
You knew the following spells:

 Your Spells              Type           Power      Damage    Failure   Level
a - Blink                 Tloc           26%        N/A       14%         2
b - Teleport Other        Tloc           13%        N/A       26%         3

Your spell library contained the following spells:

 Spells                   Type           Power      Damage    Failure   Level
 Gell's Gravitas          Tloc           6%         N/A       26%         3
 Lesser Beckoning         Tloc           13%        N/A       26%         3
 Manifold Assault         Tloc           13%        N/A       94%         5


Dungeon Overview and Level Annotations

Branches:
Dungeon (2/15)

Altars:

Annotations:
D:3 Sigmund


Innate Abilities, Weirdness & Mutations

You are amphibious.
You cover ground slowly.
You can hop short distances.
You have an extended range of vision and can be seen from far away.


Message History

You throw a poisoned dart.
The poisoned dart closely misses the adder.
Throw: 8 darts (poison)
Press: ? - help, Q - select action, (/) - cycle Shift-Dir - straight line, f/p - adder
Aim: an adder (35% to hit)
You throw a poisoned dart. Something hits you.
Unknown command.
Throw: 7 darts (poison)
Press: ? - help, Q - select action, (/) - cycle Shift-Dir - straight line, f/p - adder
Aim: an adder (35% to hit)
You throw a poisoned dart. The poisoned dart misses the adder.
Throw: 6 darts (poison)
Press: ? - help, Q - select action, (/) - cycle Shift-Dir - straight line, f/p - adder
Aim: an adder (35% to hit)
You throw a poisoned dart.
The poisoned dart barely misses the adder.
Something hits you. The adder bites you but does no damage.
Unknown command.
The adder bites you.
Throw: 5 darts (poison)
Press: ? - help, Q - select action, (/) - cycle Shift-Dir - straight line, f/p - adder
Aim: an adder (35% to hit)
You throw a poisoned dart.
The poisoned dart closely misses the adder.
You block the adder's attack.
Throw: 4 darts (poison)
Press: ? - help, Q - select action, (/) - cycle Shift-Dir - straight line, f/p - adder
Aim: an adder (35% to hit)
You throw a poisoned dart. The poisoned dart hits the adder.
The adder completely misses you. Something hits you!
* * * LOW HITPOINT WARNING * * *
The adder completely misses you.
Throw: 3 darts (poison)
Press: ? - help, Q - select action, (/) - cycle Shift-Dir - straight line, f/p - adder
Aim: an adder (35% to hit)
You throw a poisoned dart. The poisoned dart hits the adder.
The adder is poisoned.
The adder closely misses you. Something hits you!
You die...

#......#...#........
#.####.#...########.
###########.####.#...##.......
*.........(...................
***#$###(...##.####.#..###.##.#..
,,,........(.((.(................
,,,.####..((####{####..###.##.#..
,,,,* #.(.(.,*#S# #......##.#.#
,,,,* #......*#@#####.######....
,,,,* #...S..##.......# ######.
,,,,* #....(.#############....#.
,,,,* #......# *........#.##.##
,,,,* #......#****#.........#.##
,,,,* #...(.(#*,,,##......###...
,,,,****,,,,,**,,,,,##.....######
,,,,,,**,,,,,*,,,,,,,#...........
,,,,,,**,,,,,,,,,_,,^#...........


You could see an adder (poisoned).

Vanquished Creatures
  2 dart slugs
  7 ball pythons
  6 bats
  6 endoplasms
  4 giant cockroaches
  4 goblins
  5 hobgoblins
  A kobold (D:1)
  2 quokkas
  2 frilled lizards (D:1)
  4 rats (D:1)
43 creatures vanquished.

Notes
Turn   | Place    | Note
-------+----------+-------------------------------------------
     0 | D:1      | lawman0 the Barachi Warper began the quest for the Orb.
     0 | D:1      | Reached XP level 1. HP: 17/17 MP: 3/3
   442 | D:1      | Reached XP level 2. HP: 16/23 MP: 5/5
   795 | D:1      | Noticed a great orb of eyes
   813 | D:1      | Found a faded altar of an unknown god.
   813 | D:1      | Noticed a golden eye
   842 | D:1      | Noticed a floating eye
   842 | D:1      | Noticed a shining eye
   844 | D:1      | Reached XP level 3. HP: 23/28 MP: 6/6
   847 | D:1      | Learned a level 2 spell: Blink
   851 | D:1      | Learned a level 3 spell: Teleport Other
  1064 | D:1      | Reached skill level 4 in Translocations
  2368 | D:2      | You fall into a shaft and drop 1 floor!
  2566 | D:3      | Noticed Sigmund
  2585 | D:3      | Slain by Sigmund

Illustrated notes

Levels and vault maps discovered:
D:1:      minmay_arrival_checkered_box, layout_loops_ring,
          hellmonk_ecumenical_altar_watching_god, serial_forest,
          infiniplex_forest_clump_medium, infiniplex_forest_clump_tiny,
          infiniplex_forest_end_2, infiniplex_forest_straight_1,
          infiniplex_forest_corner_1, infiniplex_forest_zigzag_2,
          infiniplex_forest_straight_4, infiniplex_forest_join
D:2:      layout_basic
D:3:      layout_basic, lemuel_round_altar, nicolae_overflow_hidden_temple,
          serial_shops, shop_fountains, uniq_sigmund, uniq_crazy_yiuf_cottage

Skill      XL: |  1  2  3 |
---------------+----------+-----
Long Blades    | 3 |  3.4
Translocations | 4 |  4.1
Fighting       | |  2.4
Throwing       | |  1.1
Armour         | |  1.6
Dodging        | |  2.4
Stealth        | |  0.1
Spellcasting   | |  2.2

Action                   || total
-------------------------++-------
Melee: Falchion          ||   126
Throw: Dart              ||    67
 Cast: Blink             ||     1
  Use: Scroll            ||     3
Armor: Leather armour    ||    53
Dodge: Dodged            ||   103
Block: Buckler           ||     1

Table legend: (Time is in decaauts)
 A = Elapsed time spent in this place.
 B = Non-inter-level travel time spent in this place.
 C = Inter-level travel time spent in this place.
 D = Time resting spent in this place.
 E = Time spent auto-exploring this place.
 F = Levels seen in this place.
 G = Mean time per level.
                   A        B        C        D        E       F      G
               +--------+--------+--------+--------+--------+-----+--------+
         Total |   2847 |   2777 |     70 |    263 |   2103 |   3 |  949.0 |
       Dungeon |   2847 |   2777 |     70 |    263 |   2103 |   3 |  949.0 |
               +--------+--------+--------+--------+--------+-----+--------+

Top non-repeatable levels by time:
     D:1: 1852 daAuts
     D:2: 749 daAuts
     D:3: 245 daAuts
